[ PARTIDA AOE2 · #478042143 ]
UnrankedJaponeses vs Koreans
[ ANÁLISIS DE REPETICIÓN · EXTRAÍDO DE LA PARTIDA GRABADA ]
Feudal
12:53
Castillos
19:34
Imperial
44:38
| APM promedio | 35.8 |
| APM pico | 78 |
| eAPM promedio | 21.1 |
| Aldeanos / militares | 227 / 349 |
Foco
⚔️ 42.4% · 🌾 57.6%
Spearman ×202 · Samurai ×77 · Archer ×39 · Unknown (2626) ×21 · Fire Galley ×17 · Trebuchet (Packed) ×10
Feudal
13:29
Castillos
17:16
Imperial
40:13
| APM promedio | 39.1 |
| APM pico | 73 |
| eAPM promedio | 26.0 |
| Aldeanos / militares | 167 / 290 |
Foco
⚔️ 63.4% · 🌾 36.6%
War Wagon ×111 · Fire Lancer ×104 · Hand Cannoneer ×50 · Fishing Ship ×15 · Trade Cart ×8 · Bombard Cannon ×8
Feudal
12:09
Castillos
20:17
Imperial
39:30
| APM promedio | 68.3 |
| APM pico | 129 |
| eAPM promedio | 44.9 |
| Aldeanos / militares | 214 / 357 |
Foco
⚔️ 34.3% · 🌾 65.7%
Spearman ×238 · Woad Raider ×88 · Fishing Ship ×16 · Mangonel ×11 · Monk ×7 · Battering Ram ×6
Feudal
13:43
Castillos
17:38
Imperial
41:52
| APM promedio | 41.2 |
| APM pico | 69 |
| eAPM promedio | 23.5 |
| Aldeanos / militares | 210 / 279 |
Foco
⚔️ 43.8% · 🌾 56.2%
Knight ×188 · Throwing Axeman ×59 · Fishing Ship ×31 · Trade Cog ×20 · Galley ×12 · Unknown (2626) ×10
Mapa de la partida
Recursos iniciales + cada clic de construcción. Líneas = muros · curvas = relieve. ◆ oro · ⬟ piedra · ● bayas · ✦ reliquia · ◌ hueco del cierre
Tu base· Abierta — hueco de 3t
Base de PaLikaRi· Abierta — hueco de 9t
Base de ItsJosh· Abierta — hueco de 7t
Base de Davve02· Abierta — hueco de 13t
Terreno inicial suavizado · ◌ = hueco del cierre detectado · pasá el cursor para detalles
Inputs por minuto
— Oppai - - PaLikaRi
Build order — Oppai
Primeras 150 de 777 acciones detectadas
| 0:04 | Construir | Town Center |
| 0:39 | Construir | Dock |
| 0:42 | Construir | House |
| 0:46 | Construir | House |
| 2:20 | Crear | Villager (Male) |
| 2:20 | Crear | Villager (Male) |
| 2:20 | Crear | Villager (Male) |
| 2:21 | Crear | Villager (Male) |
| 3:24 | Crear | Fishing Ship |
| 3:24 | Crear | Fishing Ship |
| 3:40 | Crear | Villager (Male) |
| 3:40 | Crear | Villager (Male) |
| 4:18 | Construir | House |
| 4:35 | Crear | Villager (Male) |
| 4:35 | Crear | Villager (Male) |
| 5:10 | Crear | Villager (Male) |
| 5:11 | Crear | Villager (Male) |
| 5:14 | Crear | Villager (Male) |
| 5:14 | Crear | Villager (Male) |
| 5:49 | Crear | Fishing Ship |
| 5:54 | Construir | House |
| 5:56 | Crear | Villager (Male) |
| 5:56 | Crear | Villager (Male) |
| 6:19 | Crear | Villager (Male) |
| 6:19 | Crear | Villager (Male) |
| 6:20 | Crear | Villager (Male) |
| 6:20 | Crear | Villager (Male) |
| 6:35 | Investigar | Loom |
| 6:53 | Crear | Villager (Male) |
| 7:07 | Crear | Villager (Male) |
| 7:09 | Crear | Fishing Ship |
| 7:21 | Crear | Villager (Male) |
| 7:30 | Construir | Mill |
| 7:34 | Crear | Fishing Ship |
| 7:41 | Crear | Villager (Male) |
| 7:52 | Crear | Fishing Ship |
| 8:34 | Crear | Fishing Ship |
| 8:40 | Construir | House |
| 9:01 | Construir | House |
| 9:04 | Crear | Fishing Ship |
| 9:12 | Crear | Villager (Male) |
| 9:23 | Construir | Mining Camp |
| 9:35 | Crear | Villager (Male) |
| 10:13 | Crear | Villager (Male) |
| 10:43 | Investigar | Feudal Age |
| 10:43 | Investigar | Feudal Age |
| 11:10 | Construir | Dock |
| 11:28 | Construir | Mining Camp |
| 12:53 | Edad | Edad Feudal |
| 12:56 | Crear | Unit 2626 |
| 12:56 | Crear | Unit 2626 |
| 13:06 | Crear | Villager (Male) |
| 13:12 | Construir | Lumber Camp |
| 13:13 | Crear | Villager (Male) |
| 13:30 | Crear | Unit 2626 |
| 13:30 | Crear | Unit 2626 |
| 13:42 | Construir | House |
| 13:44 | Construir | House |
| 13:52 | Crear | Unit 2626 |
| 13:52 | Crear | Unit 2626 |
| 14:01 | Construir | House |
| 14:19 | Crear | Villager (Male) |
| 14:24 | Crear | Unit 2626 |
| 14:25 | Crear | Unit 2626 |
| 14:49 | Construir | Blacksmith |
| 14:55 | Crear | Villager (Male) |
| 14:56 | Crear | Villager (Male) |
| 15:16 | Crear | Villager (Male) |
| 16:13 | Construir | Market |
| 16:15 | Crear | Villager (Male) |
| 16:54 | Investigar | Castle Age |
| 17:02 | Crear | Villager (Male) |
| 17:27 | Construir | House |
| 17:31 | Construir | House |
| 17:38 | Investigar | Horse Collar |
| 18:17 | Construir | Lumber Camp |
| 18:29 | Construir | House |
| 18:30 | Construir | House |
| 19:15 | Crear | Villager (Male) |
| 19:34 | Edad | Edad de los Castillos |
| 19:37 | Construir | Town Center |
| 19:55 | Crear | Villager (Male) |
| 20:02 | Crear | Villager (Male) |
| 20:35 | Crear | Villager (Male) |
| 20:40 | Construir | Town Center |
| 21:17 | Construir | House |
| 21:17 | Construir | House |
| 22:05 | Construir | Barracks |
| 22:08 | Investigar | Double-Bit Axe |
| 22:29 | Investigar | Fletching |
| 22:44 | Construir | Dock |
| 22:47 | Crear | Villager (Male) |
| 22:56 | Investigar | War Galley (upgrade) |
| 23:00 | Crear | Villager (Male) |
| 23:09 | Crear | Villager (Male) |
| 23:15 | Construir | Archery Range |
| 23:18 | Construir | Archery Range |
| 23:20 | Crear | Villager (Male) |
| 23:36 | Crear | Villager (Male) |
| 23:36 | Crear | Villager (Male) |
| 23:50 | Construir | Dock |
| 24:01 | Crear | Fire Galley |
| 24:01 | Crear | Fire Galley |
| 24:02 | Crear | Fire Galley |
| 24:08 | Crear | Villager (Male) |
| 24:17 | Construir | Archery Range |
| 24:19 | Crear | Villager (Male) |
| 24:44 | Investigar | Crossbowman (upgrade) |
| 24:45 | Crear | Archer |
| 24:45 | Crear | Archer |
| 24:52 | Crear | Villager (Male) |
| 25:04 | Construir | Farm |
| 25:05 | Construir | Farm |
| 25:12 | Crear | Villager (Male) |
| 25:14 | Construir | House |
| 25:15 | Construir | House |
| 25:21 | Crear | Villager (Male) |
| 25:40 | Construir | Farm |
| 26:04 | Investigar | Bow Saw |
| 26:11 | Crear | Villager (Male) |
| 26:15 | Crear | Archer |
| 26:28 | Construir | University |
| 26:33 | Crear | Villager (Male) |
| 26:38 | Crear | Villager (Male) |
| 26:40 | Crear | Villager (Male) |
| 27:05 | Crear | Villager (Male) |
| 27:35 | Investigar | Careening |
| 27:44 | Crear | Fire Galley |
| 27:45 | Crear | Fire Galley |
| 27:45 | Crear | Fire Galley |
| 27:45 | Crear | Fire Galley |
| 27:52 | Construir | House |
| 27:56 | Crear | Villager (Male) |
| 27:59 | Construir | Farm |
| 28:00 | Crear | Archer |
| 28:01 | Crear | Archer |
| 28:01 | Crear | Archer |
| 28:12 | Construir | Farm |
| 28:14 | Construir | Farm |
| 28:18 | Construir | Farm |
| 28:21 | Construir | House |
| 28:22 | Construir | House |
| 28:42 | Crear | Fire Galley |
| 28:42 | Crear | Fire Galley |
| 28:42 | Crear | Fire Galley |
| 28:42 | Crear | Fire Galley |
| 28:49 | Construir | Farm |
| 29:06 | Crear | Fire Galley |
| 29:07 | Crear | Fire Galley |
| 29:08 | Crear | Villager (Male) |
Build order — PaLikaRi
Primeras 150 de 690 acciones detectadas
| 0:19 | Construir | Town Center |
| 1:06 | Construir | Dock |
| 1:14 | Construir | House |
| 1:18 | Construir | Palisade Wall |
| 2:35 | Crear | Villager (Male) |
| 2:35 | Crear | Villager (Male) |
| 2:35 | Crear | Villager (Male) |
| 2:46 | Crear | Villager (Male) |
| 2:46 | Crear | Villager (Male) |
| 3:55 | Construir | Palisade Wall |
| 4:20 | Crear | Villager (Male) |
| 4:21 | Crear | Villager (Male) |
| 4:56 | Crear | Villager (Male) |
| 4:56 | Crear | Villager (Male) |
| 4:58 | Crear | Fishing Ship |
| 4:58 | Crear | Fishing Ship |
| 5:09 | Construir | House |
| 5:12 | Construir | Palisade Wall |
| 5:15 | Construir | Palisade Wall |
| 5:18 | Construir | Palisade Wall |
| 5:26 | Crear | Villager (Male) |
| 5:26 | Crear | Villager (Male) |
| 5:30 | Investigar | Loom |
| 5:35 | Crear | Villager (Male) |
| 5:58 | Crear | Fishing Ship |
| 6:28 | Crear | Villager (Male) |
| 6:29 | Crear | Villager (Male) |
| 6:29 | Crear | Villager (Male) |
| 6:44 | Construir | House |
| 6:48 | Construir | Palisade Wall |
| 6:55 | Crear | Villager (Male) |
| 6:56 | Crear | Villager (Male) |
| 7:17 | Crear | Villager (Male) |
| 7:17 | Crear | Villager (Male) |
| 7:19 | Crear | Fishing Ship |
| 7:19 | Crear | Fishing Ship |
| 7:19 | Crear | Fishing Ship |
| 7:41 | Crear | Fishing Ship |
| 7:54 | Construir | House |
| 7:59 | Crear | Villager (Male) |
| 8:20 | Crear | Villager (Male) |
| 8:38 | Crear | Villager (Male) |
| 8:58 | Crear | Villager (Male) |
| 9:07 | Crear | Villager (Male) |
| 9:16 | Crear | Villager (Male) |
| 9:42 | Crear | Villager (Male) |
| 9:48 | Construir | Mill |
| 10:03 | Construir | House |
| 10:11 | Construir | Mining Camp |
| 10:14 | Crear | Villager (Male) |
| 11:06 | Construir | Palisade Wall |
| 11:10 | Construir | Palisade Wall |
| 11:17 | Investigar | Feudal Age |
| 11:54 | Crear | Villager (Male) |
| 11:55 | Crear | Villager (Male) |
| 13:29 | Edad | Edad Feudal |
| 13:31 | Construir | Market |
| 13:35 | Construir | Blacksmith |
| 14:09 | Construir | Palisade Wall |
| 14:13 | Construir | Palisade Wall |
| 14:15 | Construir | Palisade Wall |
| 14:17 | Construir | House |
| 14:21 | Construir | Palisade Wall |
| 14:36 | Investigar | Castle Age |
| 15:08 | Construir | Lumber Camp |
| 15:47 | Crear | Villager (Male) |
| 15:51 | Investigar | Double-Bit Axe |
| 16:17 | Investigar | Gold Mining |
| 17:00 | Crear | Villager (Male) |
| 17:00 | Crear | Villager (Male) |
| 17:16 | Edad | Edad de los Castillos |
| 17:23 | Crear | Villager (Male) |
| 17:31 | Construir | Mining Camp |
| 17:39 | Construir | Castle |
| 17:57 | Investigar | Bow Saw |
| 17:57 | Crear | Villager (Male) |
| 18:05 | Construir | Lumber Camp |
| 18:26 | Construir | Palisade Wall |
| 18:28 | Construir | Palisade Wall |
| 18:34 | Construir | Palisade Wall |
| 18:45 | Construir | Palisade Wall |
| 18:47 | Construir | Palisade Wall |
| 18:48 | Construir | Palisade Wall |
| 19:16 | Crear | Villager (Male) |
| 19:17 | Crear | War Wagon |
| 19:18 | Crear | War Wagon |
| 19:29 | Crear | Villager (Male) |
| 19:48 | Crear | War Wagon |
| 20:33 | Construir | Siege Workshop |
| 20:40 | Crear | War Wagon |
| 20:41 | Crear | Villager (Male) |
| 20:41 | Crear | Villager (Male) |
| 21:05 | Construir | House |
| 21:07 | Construir | Palisade Wall |
| 21:22 | Construir | House |
| 21:31 | Investigar | Fletching |
| 21:31 | Investigar | Fletching |
| 21:54 | Crear | War Wagon |
| 21:54 | Crear | Villager (Male) |
| 21:54 | Crear | Villager (Male) |
| 22:23 | Crear | War Wagon |
| 22:40 | Crear | Iron Pagoda |
| 22:40 | Crear | Iron Pagoda |
| 22:54 | Crear | Villager (Male) |
| 23:13 | Crear | Villager (Male) |
| 23:13 | Crear | Villager (Male) |
| 23:29 | Crear | Villager (Male) |
| 23:33 | Construir | Monastery |
| 24:04 | Crear | War Wagon |
| 24:05 | Crear | War Wagon |
| 24:08 | Crear | Villager (Male) |
| 24:11 | Construir | Town Center |
| 24:44 | Construir | Farm |
| 24:44 | Construir | Farm |
| 24:44 | Construir | Farm |
| 24:56 | Investigar | Devotion |
| 25:12 | Construir | Outpost |
| 25:14 | Construir | House |
| 25:30 | Crear | War Wagon |
| 25:30 | Crear | Villager (Male) |
| 25:31 | Crear | Villager (Male) |
| 25:38 | Investigar | Horse Collar |
| 25:51 | Crear | Villager (Male) |
| 25:55 | Construir | Farm |
| 25:56 | Construir | Farm |
| 26:30 | Construir | House |
| 26:33 | Crear | Villager (Male) |
| 26:33 | Crear | Villager (Male) |
| 26:33 | Crear | Villager (Male) |
| 26:36 | Crear | War Wagon |
| 26:50 | Crear | Villager (Male) |
| 26:59 | Construir | Farm |
| 27:00 | Construir | Farm |
| 27:05 | Investigar | Heavy Plow |
| 27:06 | Crear | Villager (Male) |
| 27:06 | Crear | Villager (Male) |
| 27:10 | Construir | Farm |
| 27:32 | Construir | Farm |
| 27:36 | Crear | Villager (Male) |
| 27:37 | Crear | Villager (Male) |
| 27:45 | Construir | Farm |
| 27:57 | Crear | Villager (Male) |
| 27:57 | Crear | Villager (Male) |
| 28:10 | Construir | Dock |
| 28:20 | Investigar | Wheelbarrow |
| 28:31 | Construir | Farm |
| 28:34 | Construir | Farm |
| 29:24 | Crear | Villager (Male) |
| 29:25 | Crear | Villager (Male) |
| 29:35 | Crear | Turtle Ship |
Build order — ItsJosh
Primeras 150 de 854 acciones detectadas
| 0:21 | Construir | Town Center |
| 0:36 | Construir | Dock |
| 0:37 | Construir | House |
| 2:32 | Crear | Villager (Male) |
| 2:32 | Crear | Villager (Male) |
| 2:32 | Crear | Villager (Male) |
| 2:32 | Crear | Villager (Male) |
| 2:33 | Crear | Villager (Male) |
| 3:33 | Crear | Fishing Ship |
| 3:40 | Investigar | Loom |
| 3:40 | Crear | Villager (Male) |
| 3:41 | Crear | Villager (Male) |
| 4:19 | Crear | Fishing Ship |
| 4:43 | Construir | House |
| 5:10 | Crear | Villager (Male) |
| 5:34 | Crear | Villager (Male) |
| 5:49 | Crear | Villager (Male) |
| 6:07 | Crear | Fishing Ship |
| 6:15 | Crear | Villager (Male) |
| 6:34 | Construir | House |
| 6:37 | Construir | House |
| 6:42 | Crear | Villager (Male) |
| 7:06 | Crear | Villager (Male) |
| 7:26 | Crear | Villager (Male) |
| 7:53 | Crear | Fishing Ship |
| 8:00 | Construir | House |
| 8:02 | Crear | Villager (Male) |
| 8:38 | Crear | Villager (Male) |
| 9:06 | Crear | Villager (Male) |
| 9:26 | Construir | Lumber Camp |
| 9:28 | Crear | Villager (Male) |
| 9:45 | Construir | House |
| 9:59 | Investigar | Feudal Age |
| 9:59 | Investigar | Feudal Age |
| 10:04 | Construir | Dock |
| 10:36 | Construir | Palisade Wall |
| 11:12 | Crear | Fishing Ship |
| 11:13 | Crear | Fishing Ship |
| 11:25 | Construir | Mining Camp |
| 11:33 | Construir | House |
| 12:09 | Edad | Edad Feudal |
| 12:16 | Construir | Watch Tower |
| 12:23 | Crear | Villager (Male) |
| 12:33 | Crear | Unit 2626 |
| 12:38 | Crear | Villager (Male) |
| 13:03 | Construir | Mining Camp |
| 13:04 | Crear | Villager (Male) |
| 13:22 | Crear | Unit 2626 |
| 13:25 | Investigar | Double-Bit Axe |
| 13:27 | Crear | Villager (Male) |
| 13:42 | Construir | Outpost |
| 13:47 | Construir | Outpost |
| 13:53 | Crear | Villager (Male) |
| 14:09 | Crear | Villager (Male) |
| 14:11 | Construir | House |
| 14:17 | Construir | Outpost |
| 14:25 | Construir | Watch Tower |
| 15:00 | Crear | Villager (Male) |
| 15:06 | Construir | Blacksmith |
| 15:26 | Crear | Villager (Male) |
| 15:33 | Crear | Fishing Ship |
| 15:49 | Construir | Mill |
| 15:57 | Crear | Villager (Male) |
| 16:01 | Crear | Fishing Ship |
| 16:04 | Investigar | Tech 906 |
| 16:21 | Crear | Villager (Male) |
| 16:37 | Construir | Market |
| 16:39 | Crear | Villager (Male) |
| 16:44 | Construir | House |
| 17:06 | Construir | Lumber Camp |
| 17:12 | Crear | Villager (Male) |
| 17:31 | Investigar | Castle Age |
| 18:11 | Construir | Dock |
| 18:14 | Crear | Fishing Ship |
| 18:25 | Investigar | Stone Mining |
| 19:35 | Construir | House |
| 20:04 | Construir | House |
| 20:08 | Crear | Villager (Male) |
| 20:17 | Edad | Edad de los Castillos |
| 20:20 | Construir | Monastery |
| 20:23 | Construir | Siege Workshop |
| 20:26 | Investigar | Bow Saw |
| 20:30 | Crear | Villager (Male) |
| 20:44 | Crear | Fishing Ship |
| 20:46 | Investigar | Gillnets |
| 20:52 | Investigar | Gillnets |
| 20:52 | Investigar | Gillnets |
| 20:54 | Crear | Fishing Ship |
| 20:56 | Crear | Monk |
| 21:02 | Crear | Villager (Male) |
| 21:15 | Crear | Mangonel |
| 21:20 | Crear | Villager (Male) |
| 21:36 | Crear | Villager (Male) |
| 21:48 | Crear | Villager (Male) |
| 21:51 | Construir | Castle |
| 22:02 | Crear | Monk |
| 22:03 | Crear | Mangonel |
| 22:03 | Crear | Villager (Male) |
| 22:11 | Construir | Lumber Camp |
| 22:23 | Crear | Villager (Male) |
| 22:49 | Crear | Woad Raider |
| 23:15 | Crear | Monk |
| 23:24 | Crear | Villager (Male) |
| 23:36 | Crear | Villager (Male) |
| 23:44 | Construir | Town Center |
| 23:46 | Crear | Villager (Male) |
| 23:51 | Crear | Fishing Ship |
| 23:53 | Crear | Fishing Ship |
| 24:02 | Construir | Dock |
| 24:10 | Crear | Villager (Male) |
| 24:15 | Crear | Fire Galley |
| 24:19 | Investigar | War Galley (upgrade) |
| 24:31 | Crear | Monk |
| 24:32 | Crear | Woad Raider |
| 24:43 | Crear | Woad Raider |
| 24:50 | Investigar | Scale Mail Armor |
| 24:51 | Crear | Villager (Male) |
| 25:02 | Construir | Town Center |
| 25:03 | Crear | Villager (Male) |
| 25:08 | Crear | Woad Raider |
| 25:14 | Crear | Villager (Male) |
| 25:21 | Investigar | Wheelbarrow |
| 25:26 | Crear | Woad Raider |
| 25:29 | Construir | House |
| 25:46 | Crear | Woad Raider |
| 25:46 | Crear | Woad Raider |
| 25:59 | Crear | Woad Raider |
| 26:10 | Construir | House |
| 26:13 | Crear | Fire Galley |
| 26:13 | Crear | Fire Galley |
| 26:19 | Crear | Fire Galley |
| 26:21 | Crear | Villager (Male) |
| 26:34 | Construir | Town Center |
| 26:40 | Investigar | Chain Mail Armor |
| 26:43 | Crear | Woad Raider |
| 26:51 | Construir | House |
| 26:54 | Construir | House |
| 26:56 | Construir | House |
| 26:58 | Construir | Palisade Wall |
| 27:22 | Crear | Woad Raider |
| 27:22 | Crear | Woad Raider |
| 27:31 | Construir | House |
| 27:32 | Crear | Villager (Male) |
| 28:02 | Investigar | Horse Collar |
| 28:02 | Crear | Villager (Male) |
| 28:02 | Crear | Villager (Male) |
| 28:04 | Construir | Farm |
| 28:05 | Construir | Farm |
| 28:05 | Construir | Farm |
| 28:05 | Construir | Farm |
Build order — Davve02
Primeras 150 de 678 acciones detectadas
| 0:04 | Construir | Town Center |
| 0:29 | Construir | Dock |
| 0:31 | Construir | House |
| 2:43 | Crear | Villager (Male) ×4 |
| 2:44 | Crear | Villager (Male) ×4 |
| 3:31 | Construir | Palisade Wall |
| 3:32 | Construir | Palisade Wall |
| 3:33 | Construir | Palisade Wall |
| 3:34 | Construir | Palisade Wall |
| 3:40 | Crear | Villager (Male) |
| 3:41 | Crear | Villager (Male) |
| 4:13 | Crear | Fishing Ship |
| 4:39 | Construir | House |
| 4:48 | Investigar | Loom |
| 5:17 | Crear | Villager (Male) |
| 5:18 | Crear | Villager (Male) |
| 5:37 | Crear | Villager (Male) |
| 5:38 | Crear | Villager (Male) |
| 5:46 | Crear | Fishing Ship |
| 5:59 | Crear | Villager (Male) |
| 6:00 | Crear | Villager (Male) |
| 6:27 | Crear | Villager (Male) |
| 6:28 | Crear | Villager (Male) |
| 6:37 | Crear | Fishing Ship |
| 6:44 | Construir | House |
| 6:50 | Crear | Villager (Male) |
| 6:50 | Crear | Villager (Male) |
| 7:15 | Crear | Villager (Male) |
| 7:16 | Crear | Fishing Ship |
| 7:34 | Crear | Villager (Male) |
| 7:34 | Crear | Villager (Male) |
| 7:48 | Construir | Palisade Wall |
| 7:51 | Construir | Palisade Wall |
| 7:53 | Crear | Villager (Male) |
| 7:53 | Crear | Villager (Male) |
| 7:57 | Construir | House |
| 8:06 | Crear | Villager (Male) |
| 8:06 | Crear | Villager (Male) |
| 8:08 | Crear | Fishing Ship |
| 8:33 | Construir | House |
| 8:39 | Crear | Villager (Male) |
| 8:39 | Crear | Villager (Male) |
| 8:50 | Crear | Villager (Male) |
| 9:11 | Crear | Villager (Male) |
| 9:22 | Construir | Mill |
| 9:26 | Crear | Villager (Male) |
| 9:36 | Crear | Fishing Ship |
| 9:36 | Crear | Fishing Ship |
| 10:03 | Construir | House |
| 10:13 | Crear | Fishing Ship |
| 10:24 | Crear | Villager (Male) |
| 11:02 | Construir | Mining Camp |
| 11:27 | Investigar | Feudal Age |
| 12:37 | Construir | House |
| 13:19 | Construir | Lumber Camp |
| 13:29 | Crear | Villager (Male) |
| 13:32 | Crear | Villager (Male) |
| 13:43 | Edad | Edad Feudal |
| 13:54 | Construir | Market |
| 14:12 | Construir | Blacksmith |
| 14:18 | Crear | Villager (Male) |
| 14:51 | Investigar | Castle Age |
| 15:04 | Investigar | Double-Bit Axe |
| 15:35 | Construir | Dock |
| 16:11 | Crear | Galley |
| 16:26 | Crear | Galley |
| 16:45 | Construir | House |
| 16:48 | Construir | House |
| 17:11 | Crear | Galley |
| 17:20 | Investigar | Scale Barding Armor |
| 17:29 | Crear | Villager (Male) |
| 17:38 | Edad | Edad de los Castillos |
| 17:44 | Crear | Villager (Male) |
| 17:46 | Construir | House |
| 17:50 | Crear | Galley |
| 18:01 | Crear | Villager (Male) |
| 18:11 | Investigar | Bow Saw |
| 18:18 | Crear | Villager (Male) |
| 18:50 | Crear | Villager (Male) |
| 18:52 | Crear | Galley |
| 18:52 | Crear | Galley |
| 18:57 | Investigar | Fletching |
| 18:59 | Crear | Villager (Male) |
| 19:00 | Construir | House |
| 19:16 | Crear | Villager (Male) |
| 19:27 | Investigar | War Galley (upgrade) |
| 20:09 | Crear | Villager (Male) |
| 20:16 | Crear | Villager (Male) |
| 20:18 | Construir | Barracks |
| 20:37 | Investigar | Bodkin Arrow |
| 20:47 | Crear | Galley |
| 20:47 | Crear | Galley |
| 21:00 | Crear | Villager (Male) |
| 21:04 | Construir | House |
| 21:16 | Construir | Town Center |
| 21:28 | Crear | Villager (Male) |
| 21:48 | Crear | Fire Galley |
| 21:50 | Crear | Fire Galley |
| 21:52 | Crear | Fire Galley |
| 21:53 | Crear | Villager (Male) |
| 21:55 | Construir | House |
| 21:58 | Construir | House |
| 22:04 | Crear | Villager (Male) |
| 22:10 | Construir | House |
| 22:30 | Construir | Stable |
| 22:51 | Crear | Villager (Male) |
| 22:56 | Crear | Galley |
| 23:13 | Crear | Villager (Male) |
| 23:23 | Crear | Villager (Male) |
| 23:23 | Crear | Villager (Male) |
| 23:24 | Crear | Villager (Male) |
| 23:26 | Crear | Villager (Male) |
| 23:28 | Construir | House |
| 23:30 | Crear | Villager (Male) |
| 23:36 | Construir | House |
| 23:48 | Crear | Villager (Male) |
| 23:54 | Construir | Town Center |
| 23:55 | Crear | Scout Cavalry |
| 23:56 | Crear | Scout Cavalry |
| 24:12 | Crear | Fishing Ship |
| 24:13 | Crear | Fishing Ship |
| 24:25 | Construir | Dock |
| 24:30 | Crear | Villager (Male) |
| 24:38 | Crear | Villager (Male) |
| 24:47 | Crear | Villager (Male) |
| 24:57 | Crear | Villager (Male) |
| 25:04 | Crear | Villager (Male) |
| 25:06 | Construir | House |
| 25:08 | Crear | Scout Cavalry |
| 25:14 | Crear | Villager (Male) |
| 25:16 | Construir | House |
| 25:21 | Construir | House |
| 25:24 | Crear | Knight |
| 25:29 | Construir | Stable |
| 25:31 | Crear | Fishing Ship |
| 25:34 | Crear | Fishing Ship |
| 25:49 | Crear | Villager (Male) |
| 26:01 | Crear | Villager (Male) |
| 26:02 | Crear | Villager (Male) |
| 26:07 | Crear | Villager (Male) |
| 26:17 | Construir | House |
| 26:24 | Crear | Fire Galley |
| 26:24 | Crear | Fire Galley |
| 26:26 | Crear | Fire Galley |
| 26:28 | Crear | Villager (Male) |
| 26:29 | Crear | Villager (Male) |
| 26:31 | Crear | Villager (Male) |
| 26:32 | Crear | Knight |
| 26:46 | Crear | Fishing Ship |
| 27:15 | Crear | Villager (Male) |
Cronología de la partida
| 0:29 | Davve02 · first_building Dock |
| 0:36 | ItsJosh · first_building Dock |
| 0:39 | Oppai · first_building Dock |
| 1:06 | PaLikaRi · first_building Dock |
| 1:18 | PaLikaRi · wall_segment Palisade Wall x2 |
| 3:31 | Davve02 · wall_segment Palisade Wall x1 |
| 3:32 | Davve02 · wall_segment Palisade Wall x1 |
| 3:33 | Davve02 · wall_segment Palisade Wall x1 |
| 3:34 | Davve02 · wall_segment Palisade Wall x1 |
| 3:55 | PaLikaRi · wall_segment Palisade Wall x1 |
| 5:12 | PaLikaRi · wall_segment Palisade Wall x1 |
| 5:15 | PaLikaRi · wall_segment Palisade Wall x1 |
| 5:18 | PaLikaRi · wall_segment Palisade Wall x1 |
| 6:48 | PaLikaRi · wall_segment Palisade Wall x1 |
| 7:48 | Davve02 · wall_segment Palisade Wall x1 |
| 7:51 | Davve02 · wall_segment Palisade Wall x5 |
| 10:36 | ItsJosh · wall_segment Palisade Wall x1 |
| 11:06 | PaLikaRi · wall_segment Palisade Wall x12 |
| 11:10 | PaLikaRi · wall_segment Palisade Wall x7 |
| 12:09 | ItsJosh · age_up feudal |
| 12:53 | Oppai · age_up feudal |
| 13:29 | PaLikaRi · age_up feudal |
| 13:43 | Davve02 · age_up feudal |
| 14:09 | PaLikaRi · wall_segment Palisade Wall x1 |
| 14:13 | PaLikaRi · wall_segment Palisade Wall x1 |
| 14:15 | PaLikaRi · wall_segment Palisade Wall x1 |
| 14:21 | PaLikaRi · wall_segment Palisade Wall x3 |
| 14:34 | PaLikaRi · first_market_sell 100 wood |
| 17:16 | PaLikaRi · age_up castle |
| 17:26 | ItsJosh · first_market_buy 100 food |
| 17:38 | Davve02 · age_up castle |
| 17:39 | PaLikaRi · first_building Castle |
| 18:26 | PaLikaRi · wall_segment Palisade Wall x1 |
| 18:28 | PaLikaRi · wall_segment Palisade Wall x2 |
| 18:34 | PaLikaRi · wall_segment Palisade Wall x1 |
| 18:45 | PaLikaRi · wall_segment Palisade Wall x1 |
| 18:47 | PaLikaRi · wall_segment Palisade Wall x1 |
| 18:48 | PaLikaRi · wall_segment Palisade Wall x1 |
| 19:34 | Oppai · age_up castle |
| 20:17 | ItsJosh · age_up castle |
| 20:18 | Davve02 · first_building Barracks |
| 20:20 | ItsJosh · first_building Monastery |
| 20:23 | ItsJosh · first_building Siege Workshop |
| 20:33 | PaLikaRi · first_building Siege Workshop |
| 21:07 | PaLikaRi · wall_segment Palisade Wall x7 |
| 21:51 | ItsJosh · first_building Castle |
| 22:05 | Oppai · first_building Barracks |
| 22:07 | Oppai · first_market_buy 100 food |
| 22:20 | Davve02 · first_market_buy 100 wood |
| 22:30 | Davve02 · first_building Stable |
| 23:15 | Oppai · first_building Archery Range |
| 23:26 | ItsJosh · first_market_sell 100 wood |
| 23:33 | PaLikaRi · first_building Monastery |
| 24:48 | PaLikaRi · first_market_buy 100 food |
| 26:58 | ItsJosh · wall_segment Palisade Wall x1 |
| 30:03 | Davve02 · wall_segment Palisade Wall x1 |
| 31:24 | Oppai · first_market_sell 100 wood |
| 35:19 | ItsJosh · first_building Barracks |
| 36:16 | Davve02 · wall_segment Stone Wall x12 |
| 37:34 | Davve02 · first_market_sell 100 food |
| 37:42 | Davve02 · first_building Monastery |
| 38:11 | PaLikaRi · tribute_sent a jugador 1 |
| 38:11 | PaLikaRi · tribute_sent a jugador 3 |
| 38:11 | PaLikaRi · tribute_sent a jugador 4 |
| 39:22 | Oppai · first_building Siege Workshop |
| 39:30 | ItsJosh · age_up imperial |
| 40:13 | PaLikaRi · age_up imperial |
| 41:11 | Oppai · first_building Monastery |
| 41:24 | Davve02 · first_building Castle |
| 41:52 | Davve02 · age_up imperial |
| 42:02 | Oppai · first_building Castle |
| 44:38 | Oppai · age_up imperial |
| 51:44 | PaLikaRi · first_building Barracks |
| 52:36 | PaLikaRi · first_building Archery Range |
| 57:06 | ItsJosh · first_building Archery Range |
| 64:40 | ItsJosh · resign |
[ ANÁLISIS IA · 1 CRÉDITO ]
¿Qué pasó realmente en esta partida?
Wolo.gg analiza cada decisión: build order, eco, micro, errores típicos por bracket. Análisis personalizado por WhatsApp o Discord en 30 segundos.
Guía civ
Japoneses
Perfil
Jugador #3104955